 Dungeon Crawl Stone Soup version 0.18.1-48-g4cf74bf (webtiles) character file.

18953 Joat the Fighter (level 12, 0/98 HPs)
             Began as a Demonspawn Monk on Sept 2, 2016.
             Was the Champion of Makhleb.
             Slain by a six-headed hydra (12 damage)
             ... on level 4 of the Lair of Beasts.
             The game lasted 01:04:14 (15927 turns).

Joat the Fighter (Demonspawn Monk)                 Turns: 15927, Time: 01:04:15

Health: 0/98       AC: 11    Str: 19    XL:     12   Next: 32%
Magic:  12/12      EV: 11    Int: 14    God:    Makhleb [******]
Gold:   760        SH: 13    Dex: 16    Spells: 0 memorised, 11 levels left

rFire  . . .     SeeInvis +     a - +9 flail of Qazlal's Pride {speed, rPois MR- Str+5 SInv}
rCold  + . .     Gourm    .     t - +2 ring mail {MR+}
rNeg   . . .     Faith    .     p - +0 shield
rPois  +         Spirit   .     (helmet restricted)
rElec  .         Dismiss  .     G - +1 cloak
rCorr  +         Reflect  +     (no gloves)
SustAt .         Harm     .     (no boots)
MR     ++++.                    m - +2 amulet of reflection
Stlth  ++........               e - ring of the Will of the Gods {rCorr rC+ MR++ Str-3}
                                V - ring of the Mage {Wiz MR++ Int+3}

@: drained, incredibly resistant to hostile enchantments, unstealthy
A: antennae 2, claws 1, talons 2, demonic guardian 1, nightstalker 1
a: Minor Destruction, Lesser Servant of Makhleb, Major Destruction, Greater
Servant of Makhleb, Renounce Religion


You were on level 4 of the Lair of Beasts.
You worshipped Makhleb.
Makhleb was exalted by your worship.
You were not hungry.

You visited 3 branches of the dungeon, and saw 15 of its levels.
You also visited: Sewer.

You collected 864 gold pieces.
You spent 104 gold pieces at shops.

Inventory:

Hand Weapons
 a - the +9 flail of Qazlal's Pride (weapon) {speed, rPois MR- Str+5 SInv}
   (You found it on level 8 of the Dungeon)

   Attacks with this weapon are significantly faster.
   It affects your strength (+5).
   It protects you from poison.
   It affects your resistance to hostile enchantments.
   It lets you see invisible.
 r - the +8 spear "Losi" {elec, *Drain +Inv rC+ MR+++}
   (You found it on level 4 of the Dungeon)

   Occasionally, upon striking a foe, it will discharge some electrical energy
   and cause terrible harm.
   It protects you from cold.
   It affects your resistance to hostile enchantments.
   It lets you turn invisible.
   It causes draining when unequipped.
Missiles
 f - 2 javelins
 k - 8 javelins of penetration (quivered)
Armour
 p - a +0 shield (worn)
 t - a +2 ring mail of magic resistance (worn)
 G - a +1 cloak (worn)
 P - a +0 large shield
Jewellery
 e - the ring of the Will of the Gods (right claw) {rCorr rC+ MR++ Str-3}
   (You found it on level 4 of the Dungeon)

   [ring of resist corrosion]

   It affects your strength (-3).
   It protects you from cold.
   It affects your resistance to hostile enchantments.
 m - a +2 amulet of reflection (around neck)
 J - an uncursed ring of poison resistance
 V - the ring of the Mage (left claw) {Wiz MR++ Int+3}
   (You found it on level 10 of the Dungeon)

   [ring of wizardry]

   It improves your spell success rate.
   It affects your intelligence (+3).
   It affects your resistance to hostile enchantments.
Wands
 g - a wand of polymorph (6/24)
 q - a wand of iceblast (10/15)
 A - a wand of confusion (30/48)
 B - a wand of random effects (23/48)
 I - a wand of lightning (4/15)
 L - a wand of enslavement (11/24)
 O - a wand of iceblast (13/15)
 R - a wand of digging (12/24)
 S - a wand of lightning (13/15)
 T - a wand of polymorph (10/24)
 Y - a wand of disintegration (17/24)
Scrolls
 c - 2 scrolls of enchant weapon
 d - 9 scrolls of teleportation
 l - 4 scrolls of enchant armour
 v - 6 scrolls of remove curse
 y - a scroll of magic mapping
 K - a scroll of recharging
 N - a scroll of amnesia
 Q - 2 scrolls of summoning
 X - a scroll of identify
Potions
 i - 9 potions of curing
 s - a potion of brilliance
 u - 2 potions of ambrosia
 w - 2 potions of lignification
 x - a potion of might {unknown}
 z - 4 potions of agility
 C - 5 potions of flight
 E - 2 potions of mutation
 H - 3 potions of heal wounds
 M - 2 potions of magic
Books
 h - a book of Geomancy

   Spells                             Type                      Level
   a - Sandblast                      Earth                        1
   b - Passwall                       Transmutation/Earth          2
   c - Stone Arrow                    Conjuration/Earth            3
   d - Petrify                        Transmutation/Earth          4
   e - Lee's Rapid Deconstruction     Earth                        5
 D - a book of Fire

   Spells                             Type                      Level
   a - Ignite Poison                  Fire/Transmutation/Poison    3
   b - Fireball                       Conjuration/Fire             5
   c - Bolt of Fire                   Conjuration/Fire             6
   d - Delayed Fireball               Conjuration/Fire             7
   e - Ring of Flames                 Charms/Fire                  7
 U - a book of Burglary

   Spells                             Type                      Level
   a - Swiftness                      Charms/Air                   2
   b - Passwall                       Transmutation/Earth          2
   c - Passage of Golubria            Translocation                4
   d - Lee's Rapid Deconstruction     Earth                        5
   e - Darkness                       Hexes                        6
   f - Invisibility                   Hexes                        6
Comestibles
 b - 14 bread rations
 j - 8 meat rations
 n - 15 fruits
 o - 4 beef jerkies
 F - a chunk of flesh
 W - 2 slices of pizza


   Skills:
 + Level 10.5(9.6) Fighting
   Level 0.8(0.1) Short Blades
 + Level 5.5(4.6) Maces & Flails
 - Level 6.7(5.8) Polearms
 + Level 9.5(8.6) Armour
 - Level 3.9(3.1) Dodging
 - Level 1.7(1.0) Stealth
 + Level 9.1(8.2) Shields
 - Level 4.9(4.1) Unarmed Combat


You had 11 spell levels left.
You didn't know any spells.

Dungeon Overview and Level Annotations

Branches:
Dungeon (10/15)            Temple (1/1) D:7            Lair (4/8) D:10
    Orc (0/2) D:10
  Swamp: Lair:3-6    Shoals: Lair:3-6     Snake: Lair:3-6    Spider: Lair:3-6

Altars:
Ashenzari
Cheibriados
Dithmenos
Elyvilon
Fedhas
Gozag
Kikubaaqudgha
Makhleb
Nemelex Xobeh
Okawaru
Pakellas
Qazlal
Ru
Sif Muna
Trog
Vehumet
Xom
Yredelemnul
Zin
The Shining One

Shops:
D:4 [!?!

Annotations:
Lair:4 exclusion: black mamba, Nergalle


Innate Abilities, Weirdness & Mutations

You have a pair of antennae on your head.
You have sharp fingernails.
You have razor-sharp toenails.
A weak demonic guardian rushes to your aid.
You are slightly more attuned to the shadows.


Message History

You block the six-headed hydra's attack. x2
The six-headed hydra bites you.
The six-headed hydra completely misses you.
The six-headed hydra bites you. x2
* * * LOW HITPOINT WARNING * * *
You thump the six-headed hydra! You claw the six-headed hydra.
The six-headed hydra is severely wounded.
The six-headed hydra bites you but does no damage.
The six-headed hydra closely misses you.
The six-headed hydra bites you!
* * * LOW HITPOINT WARNING * * *
You block the six-headed hydra's attack.
The six-headed hydra bites you.
* * * LOW HITPOINT WARNING * * *
The six-headed hydra closely misses you.
You hit the six-headed hydra.
The six-headed hydra is severely wounded.
The six-headed hydra bites you but does no damage.
The six-headed hydra bites you!
You die...

....##.# .......#P..
...#P.##.#
......##...##..#..P..##
....P................P#
...#.................#
...............#
...............# ..
..........P.#..##
............#.#.@D....#
...P...P.....##.5...###
...#..........##....#
...P........†........#
.....................#
.................(...#
.....................#
#.##...........#.#P
####..#.#..####..#


You could see a six-headed hydra and a friendly quasit.

Vanquished Creatures
  A hydra (Lair:3)
  Pikel (D:5)
  An oklob plant (Lair:2)
  A centaur skeleton (D:10)
  4 elephants (Lair:4)
  Joseph (D:8)
  A torpor snail (Lair:2)
  6 spiny frogs
  A komodo dragon (Lair:3)
  A polar bear (Lair:4)
  7 blink frogs (Lair:3)
  A spriggan (D:7)
  19 yaks
  A basilisk (Lair:4)
  3 hippogriffs
  2 hungry ghosts
  The ghost of HEYYEYAAE the Chiller, an amateur DrIE (Sewer)
  A steam dragon (D:7)
  Edmund (D:6)
  5 porcupines
  An orc warrior (D:8)
  4 water moccasins
  An ice beast (D:8)
  2 sky beasts
  A slave (D:5)
  A necrophage (D:7)
  6 ogres
  14 wolves
  5 centaurs
  4 crocodiles
  A big kobold (Sewer)
  13 giant frogs
  A gnoll sergeant (D:8)
  A water moccasin zombie (D:5)
  A scorpion (D:8)
  6 killer bees
  An electric eel (Lair:4)
  3 howler monkeys (D:8)
  3 crimson imps
  A quasit (D:8)
  2 centaur zombies
  2 hounds
  3 orc priests
  Crazy Yiuf (D:4)
  2 giant frog skeletons
  2 jellies (D:9)
  4 orc wizards
  7 iguanas
  Ijyb (D:2)
  6 worker ants
  A killer bee zombie (D:7)
  6 sheep (Lair:2)
  A hound zombie (D:7)
  9 gnolls (D:8)
  13 adders
  17 river rats
  4 adder skeletons
  2 worms (D:3)
  5 dart slugs
  4 giant geckos
  28 orcs
  2 ball pythons
  9 giant cockroaches
  8 goblins
  9 hobgoblins
  5 jackals
  3 quokkas
  8 bats
  2 giant gecko skeletons
  5 giant newts
  7 kobolds
  14 rats
  A fungus (Lair:2)
322 creatures vanquished.

Vanquished Creatures (collateral kills)
  2 elephants (Lair:4)
  A centaur zombie (D:10)
  2 blink frogs (Lair:3)
  Sigmund (D:2)
  2 yaks (D:9)
  An ogre (D:5)
  3 killer bees
  A howler monkey (D:8)
  Terence (D:2)
  A quokka (D:8)
  2 kobolds (Sewer)
17 creatures vanquished.

Vanquished Creatures (others)
  A giant frog (D:7)
  A hound (D:7)
  5 jackals (D:7)
  3 plants (Lair:4)
10 creatures vanquished.

Grand Total: 349 creatures vanquished

Notes
Turn   | Place    | Note
--------------------------------------------------------------
     0 | D:1      | Joat the Demonspawn Monk began the quest for the Orb.
     0 | D:1      | Reached XP level 1. HP: 18/18 MP: 1/1
   355 | D:1      | Gained mutation: A weak demonic guardian rushes to your aid. [demonic ancestry]
   355 | D:1      | Reached XP level 2. HP: 9/24 MP: 2/2
   956 | D:1      | Reached XP level 3. HP: 17/29 MP: 3/3
  1146 | D:2      | Noticed Sigmund
  1805 | D:2      | Noticed Terence
  1817 | D:2      | Killed Terence
  1977 | D:2      | Gained mutation: You have sharp fingernails. [demonic ancestry]
  1977 | D:2      | Reached XP level 4. HP: 34/37 MP: 4/4
  2015 | D:2      | Noticed Ijyb
  2023 | D:2      | Killed Ijyb
  2023 | D:2      | Reached skill level 1 in Shields
  2214 | D:2      | Found an iron altar of Okawaru.
  2313 | D:2      | Killed Sigmund
  2313 | D:2      | Reached skill level 4 in Fighting
  2313 | D:2      | Reached skill level 1 in Armour
  2313 | D:2      | Gained mutation: You have a pair of small antennae on your head. [demonic ancestry]
  2313 | D:2      | Reached XP level 5. HP: 19/42 MP: 5/5
  2640 | D:3      | Found an oddly glowing altar of Pakellas.
  2640 | D:3      | Found an iron altar of Okawaru.
  2977 | D:3      | Gained mutation: You have a pair of antennae on your head. [demonic ancestry]
  2977 | D:3      | Reached XP level 6. HP: 40/49 MP: 6/6
  3841 | D:4      | Found Foefasti's Magic Scroll Boutique.
  3862 | D:4      | Found Xarilym's Distillery.
  3923 | D:4      | Bought a potion of heal wounds for 65 gold pieces
  3923 | D:4      | Bought a potion of curing for 39 gold pieces
  4610 | D:4      | Got a brightly glowing marble ring
  4611 | D:4      | Identified the ring of the Will of the Gods {rCorr rC+ MR++ Str-3} (You found it on level 4 of the Dungeon)
  4621 | D:4      | Found Upuirigi's Armour Shop.
  4877 | D:4      | Found Heqis's Distillery.
  4899 | D:4      | Gained mutation: You have sharp toenails. [demonic ancestry]
  4899 | D:4      | Reached XP level 7. HP: 55/55 MP: 7/7
  5209 | D:4      | Got a crude spear
  5210 | D:4      | Identified the +8 spear "Losi" {elec, *Drain +Inv rC+ MR+++} (You found it on level 4 of the Dungeon)
  5245 | D:4      | Noticed Crazy Yiuf
  5251 | D:4      | Killed Crazy Yiuf
  5554 | D:5      | Entered Level 5 of the Dungeon
  5563 | D:5      | Found a glowing drain.
  5594 | Sewer    | Entered a sewer
  5647 | Sewer    | Noticed HEYYEYAAE's ghost (amateur DrIE)
  5688 | Sewer    | Killed HEYYEYAAE's ghost
  5688 | Sewer    | Reached skill level 5 in Fighting
  5688 | Sewer    | Reached skill level 1 in Polearms
  5968 | Sewer    | Found a white marble altar of Elyvilon.
  6962 | D:5      | Reached XP level 8. HP: 49/63 MP: 8/8
  7164 | D:6      | Noticed Pikel
  7234 | D:5      | Killed Pikel
  7234 | D:5      | Reached skill level 6 in Fighting
  7328 | D:6      | Noticed Edmund
  7334 | D:6      | Killed Edmund
  7671 | D:6      | Found a white marble altar of Elyvilon.
  7945 | D:7      | Found a staircase to the Ecumenical Temple.
  7954 | Temple   | Entered the Ecumenical Temple
  8020 | Temple   | Became a worshipper of Makhleb the Destroyer
  8020 | Temple   | Reached * piety under Makhleb
  8020 | Temple   | Reached ** piety under Makhleb
  8039 | D:7      | Gained mutation: You have razor-sharp toenails. [demonic ancestry]
  8039 | D:7      | Reached XP level 9. HP: 61/71 MP: 9/9
  8345 | D:7      | Reached skill level 5 in Armour
  8579 | D:7      | Got a pitted rapier
  8731 | D:7      | Reached skill level 5 in Shields
  8821 | D:7      | Reached skill level 7 in Fighting
  9154 | D:8      | Reached skill level 5 in Polearms
  9179 | D:8      | Noticed Joseph
  9192 | D:8      | Reached *** piety under Makhleb
  9214 | D:8      | Killed Joseph
  9280 | D:8      | Identified the cursed +1 rapier "Yducely" {pierce, rN+ MR++} (You found it on level 7 of the Dungeon)
  9341 | D:8      | Got a crude flail
  9589 | D:8      | Reached XP level 10. HP: 80/80 MP: 10/10
  9725 | D:8      | Found an oddly glowing altar of Pakellas.
 10118 | D:9      | Reached skill level 8 in Fighting
 10145 | D:9      | Reached **** piety under Makhleb
 10324 | D:9      | Found an ancient bone altar of Kikubaaqudgha.
 11074 | D:10     | Entered Level 10 of the Dungeon
 11112 | D:10     | Found a staircase to the Lair.
 11508 | D:10     | Found a staircase to the Orcish Mines.
 11701 | Lair:1   | Entered Level 1 of the Lair of Beasts
 11720 | Lair:1   | Identified the +9 flail of Qazlal's Pride {speed, rPois MR- Str+5 SInv} (You found it on level 8 of the Dungeon)
 11723 | Lair:1   | Noticed a spiny frog
 11733 | Lair:1   | Killed a spiny frog
 11733 | Lair:1   | Reached skill level 1 in Maces & Flails
 12631 | Lair:2   | Gained mutation: You are slightly more attuned to the shadows. [demonic ancestry]
 12631 | Lair:2   | Reached XP level 11. HP: 86/87 MP: 11/11
 12639 | Lair:2   | Reached skill level 9 in Fighting
 12730 | Lair:2   | Noticed an oklob plant
 12761 | Lair:2   | Killed an oklob plant
 12920 | Lair:2   | Reached ***** piety under Makhleb
 14874 | Lair:3   | Reached skill level 10 in Fighting
 14996 | Lair:3   | Noticed a seven-headed hydra
 15006 | Lair:3   | Killed a seven-headed hydra
 15137 | Lair:4   | Noticed Nergalle
 15159 | Lair:4   | Reached XP level 12. HP: 96/97 MP: 12/12
 15211 | Lair:4   | Reached skill level 5 in Maces & Flails
 15793 | Lair:4   | Reached ****** piety under Makhleb
 15919 | Lair:4   | Noticed a six-headed hydra
 15927 | Lair:4   | Slain by a six-headed hydra

Skill      XL: |  1  2  3  4  5  6  7  8  9 10 11 12 |
---------------+-------------------------------------+-----
Dodging        | 3 |  3.9
Unarmed Combat | 4 |  4.9
Shields        | 1 2 3 4 5 7 8 9 |  9.1
Fighting       | 4 5 6 7 8 10 | 10.5
Armour         | 1 2 3 4 6 7 9 |  9.5
Polearms       | 2 4 5 6 |  6.7
Maces & Flails | 1 4 5 |  5.5
Short Blades   | |  0.8
Stealth        | |  1.7

Action                   |  1- 3 |  4- 6 |  7- 9 | 10-12 || total
-------------------------+-------+-------+-------+-------++-------
Melee: Unarmed           |    83 |   245 |    10 |       ||   338
       Punch             |     1 |     2 |       |       ||     3
       Dagger            |    36 |       |       |       ||    36
       Morningstar       |    15 |       |       |       ||    15
       Spear             |       |       |   261 |   641 ||   902
       Kick              |       |       |    40 |   157 ||   197
       Flail             |       |       |       |    22 ||    22
Throw: Javelin           |     1 |     1 |       |       ||     2
  Use: Scroll            |       |     6 |    16 |     8 ||    30
       Potion            |       |     3 |       |       ||     3
 Stab: Sleeping          |     7 |       |     1 |     8 ||    16
       Distracted        |       |     1 |       |    11 ||    12
       Invisible         |       |     1 |       |       ||     1
  Eat: Chunk             |     3 |    10 |    14 |    22 ||    49
       Pizza             |       |       |     1 |       ||     1
Armor: Robe              |    12 |       |       |       ||    12
       Chain mail        |    12 |    99 |    24 |       ||   135
       Plate armour      |       |       |    59 |    64 ||   123
       Ring mail         |       |       |       |    66 ||    66
Dodge: Dodged            |    50 |    69 |    33 |   115 ||   267
Block: Shield            |    33 |    49 |     2 |   287 ||   371
       Reflection        |       |     5 |     9 |     1 ||    15
       Other             |       |     7 |       |       ||     7
       Buckler           |       |     1 |    64 |       ||    65
